Match 38884901
Unlisted

Match 38884901
End
Scout Squad
Construct Barracks
Selects Special Operations Battlegroup
Selects M29 Weasel Recon Vehicle
M29 Weasel Recon Vehicle
Riflemen Squad
Riflemen Squad
M1 Mortar Team
Mechanized Support Center
Construct Medical Station
Construct Weapon Support Center
Bazooka Squad
M1919 Machine Gun Team
Construct Tank Depot
Selects P-47 Anti-Infantry Loiter
P-47 Anti-Infantry Loiter
M4A1 Sherman Medium Tank
Selects UNKNOWN (2162291)
Designate Forward Repair Station
P-47 Anti-Infantry Loiter
只愛❤毛妹
Gangil
0
0

Comments sign in to comment!

No comments posted yet!